EVO
PENNSYLVANIA STATE UNIVERSITY NITTANY LIONS @ UNIVERSITY OF MICHIGAN WOLVERINES
12/23/2046
 
TOP OF THE 1ST
Pennsylvania State University Nittany Lions batting - Pitching for University of Michigan Wolverines : RHP Aaron Frey
Pitching: RHP Aaron Frey
Batting: RHB John Hopkins 0-0: Foul Ball, location: 2F
0-1: Swinging Strike
0-2: Ball
1-2: Foul Ball, location: 2F
1-2: Foul Ball, location: 2F
1-2: Foul Ball, location: 2F
1-2: Strikes out swinging
Batting: RHB Craig Alvarado 0-0: Ball
1-0: Called Strike
1-1: Called Strike
1-2: Ball
2-2: Strikes out swinging
Batting: SHB Oscar Barahona 0-0: Called Strike
0-1: Ball
1-1: Foul Ball, location: 2F
1-2: Foul Ball, location: 2F
1-2: Strikes out looking
Top of the 1st over - 0 runs, 0 hits, 0 errors, 0 left on base; Pennsylvania State University 0 - University of Michigan 0
BOTTOM OF THE 1ST
University of Michigan Wolverines batting - Pitching for Pennsylvania State University Nittany Lions : RHP Quincy Potvin
Pitching: RHP Quincy Potvin
Batting: RHB Glen Limeburner 0-0: Called Strike
0-1: Foul Ball, location: 2F
0-2: Fly out, F7 (Flyball, 7, EV 95.6 MPH)
Batting: LHB Tony Olvera 0-0: Fly out, F7 (Flyball, 7, EV 93.1 MPH)
Batting: RHB Franklin Ortega 0-0: Ball
1-0: Ground out 5-3 (Groundball, 56S, EV 86.9 MPH)
Bottom of the 1st over - 0 runs, 0 hits, 0 errors, 0 left on base; Pennsylvania State University 0 - University of Michigan 0
TOP OF THE 2ND
Pennsylvania State University Nittany Lions batting - Pitching for University of Michigan Wolverines : RHP Aaron Frey
Batting: SHB Glenn Harrison 0-0: Called Strike
0-1: Fly out, F8 (Flyball, 8LXD, EV 93.8 MPH)
Batting: RHB Fernando Membreno 0-0: Ball
1-0: Ball
2-0: SOLO HOME RUN (Flyball, 7D, EV 98.8 MPH), Distance : 391 ft
Batting: RHB Mike Smith 0-0: Ball
1-0: Foul Ball, location: 2F
1-1: Foul Ball, location: 2F
1-2: Foul Ball, location: 2F
1-2: Strikes out swinging
Batting: RHB Isaiah Heath 0-0: Foul Ball, location: 2F
0-1: Ball
1-1: Ball
2-1: Foul Ball, location: 2F
2-2: Ball
3-2: Base on Balls
Batting: LHB Josh Lane 0-0: Fielders Choice at 2nd, 6-4 (Groundball, 6, EV 88.8 MPH)
Top of the 2nd over - 1 run, 1 hit, 0 errors, 1 left on base; Pennsylvania State University 1 - University of Michigan 0
BOTTOM OF THE 2ND
University of Michigan Wolverines batting - Pitching for Pennsylvania State University Nittany Lions : RHP Quincy Potvin
Batting: LHB Adrian Navarro 0-0: Ball
1-0: Ball
2-0: Foul Ball, location: 2F
2-1: Fly out, F9 (Flyball, 89M, EV 83.1 MPH)
Batting: RHB Justin Young 0-0: Foul Ball, location: 2F
0-1: Ball
1-1: Ball
2-1: Swinging Strike
2-2: Ball
3-2: Fly out, F8 (Flyball, 8LM, EV 82.5 MPH)
Batting: LHB Dave Cook 0-0: Swinging Strike
0-1: Swinging Strike
0-2: Foul Ball, location: 2F
0-2: Ground out 6-3 (Groundball, 6, EV 101.9 MPH)
Bottom of the 2nd over - 0 runs, 0 hits, 0 errors, 0 left on base; Pennsylvania State University 1 - University of Michigan 0
TOP OF THE 3RD
Pennsylvania State University Nittany Lions batting - Pitching for University of Michigan Wolverines : RHP Aaron Frey
Batting: RHB Klaus Brown 0-0: Ball
1-0: Swinging Strike
1-1: Swinging Strike
1-2: Foul Ball, location: 2F
1-2: Strikes out swinging
Batting: RHB John Hopkins 0-0: Ball
1-0: SINGLE (Line Drive, 8LS, EV 103.1 MPH)
Batting: RHB Craig Alvarado 0-0: Fielders Choice at 2nd, 6-4 (Groundball, 56, EV 87.5 MPH)
Batting: SHB Oscar Barahona 0-0: Foul Ball, location: 2F
0-1: Called Strike
0-2: Ball
1-2: Ball
Craig Alvarado is caught stealing 2nd base 2-6
Top of the 3rd over - 0 runs, 1 hit, 0 errors, 0 left on base; Pennsylvania State University 1 - University of Michigan 0
BOTTOM OF THE 3RD
University of Michigan Wolverines batting - Pitching for Pennsylvania State University Nittany Lions : RHP Quincy Potvin
Batting: RHB Jason Rhodes 0-0: Ball
1-0: Ball
2-0: Ground out 5-3 (Groundball, 56, EV 95.6 MPH)
Batting: RHB Jamie Broadhurst 0-0: Called Strike
0-1: Ground out 4-3 (Groundball, 13, EV 84.4 MPH)
Batting: RHB Edwin Nunez 0-0: Called Strike
0-1: Fly out, F7 (Line Drive, 78D, EV 88.8 MPH)
Bottom of the 3rd over - 0 runs, 0 hits, 0 errors, 0 left on base; Pennsylvania State University 1 - University of Michigan 0
TOP OF THE 4TH
Pennsylvania State University Nittany Lions batting - Pitching for University of Michigan Wolverines : RHP Aaron Frey
Batting: SHB Oscar Barahona 0-0: Called Strike
0-1: Ball
1-1: Foul Ball, location: 2F
1-2: SOLO HOME RUN (Flyball, 89XD, EV 103.8 MPH), Distance : 428 ft
Batting: SHB Glenn Harrison 0-0: Called Strike
0-1: Ball
1-1: Called Strike
1-2: Strikes out swinging
Batting: RHB Fernando Membreno 0-0: Ball
1-0: SINGLE (Line Drive, 34D, EV 98.8 MPH)
Batting: RHB Mike Smith 0-0: Ball
1-0: Foul Ball, location: 2F
1-1: Grounds into double play, 6-4-3 (Groundball, 6, EV 79.4 MPH)
Top of the 4th over - 1 run, 2 hits, 0 errors, 0 left on base; Pennsylvania State University 2 - University of Michigan 0
BOTTOM OF THE 4TH
University of Michigan Wolverines batting - Pitching for Pennsylvania State University Nittany Lions : RHP Quincy Potvin
Batting: RHB Glen Limeburner 0-0: Called Strike
0-1: Ball
1-1: Ball
2-1: Foul Ball, location: 2F
2-2: Strikes out swinging
Batting: LHB Tony Olvera 0-0: Foul Ball, location: 2F
0-1: Foul Ball, location: 2F
0-2: Ball
1-2: Strikes out looking
Batting: RHB Franklin Ortega 0-0: Ball
1-0: SINGLE (Flyball, 9LS, EV 95.0 MPH)
Batting: LHB Adrian Navarro 0-0: Ball
1-0: Ball
2-0: Called Strike
2-1: Swinging Strike
2-2: Ball
3-2: Ground out 4-3 (Groundball, 34, EV 103.1 MPH)
Bottom of the 4th over - 0 runs, 1 hit, 0 errors, 1 left on base; Pennsylvania State University 2 - University of Michigan 0
TOP OF THE 5TH
Pennsylvania State University Nittany Lions batting - Pitching for University of Michigan Wolverines : RHP Aaron Frey
Batting: RHB Isaiah Heath 0-0: Ball
1-0: Foul Ball, location: 2F
1-1: Swinging Strike
1-2: Strikes out swinging
Batting: LHB Josh Lane 0-0: Foul Ball, location: 2F
0-1: Ball
1-1: Fly out, F7 (Flyball, 7LSF, EV 86.2 MPH)
Batting: RHB Klaus Brown 0-0: Ball
1-0: Ball
2-0: Called Strike
2-1: Called Strike
2-2: SOLO HOME RUN (Flyball, 7LD, EV 90.6 MPH), Distance : 351 ft
Batting: RHB John Hopkins 0-0: SINGLE (Groundball, P, EV 87.5 MPH) (infield hit)
Batting: RHB Craig Alvarado 0-0: Called Strike
John Hopkins steals 2nd base
0-1: Ball
1-1: Fly out, F8 (Flyball, 8RM, EV 84.4 MPH)
Top of the 5th over - 1 run, 2 hits, 0 errors, 1 left on base; Pennsylvania State University 3 - University of Michigan 0
BOTTOM OF THE 5TH
University of Michigan Wolverines batting - Pitching for Pennsylvania State University Nittany Lions : RHP Quincy Potvin
Batting: RHB Justin Young 0-0: Ball
1-0: Hit by Pitch
Batting: LHB Dave Cook 0-0: Ball
1-0: Foul Ball, location: 2F
1-1: Ball
2-1: Foul Ball, location: 2F
2-2: Fielders Choice at 2nd, 3-6 (Groundball, 3, EV 84.4 MPH)
Batting: RHB Jason Rhodes 0-0: Ball
1-0: Ball
2-0: Foul Ball, location: 2F
2-1: Swinging Strike
2-2: Ball
3-2: Strikes out looking
Batting: RHB Jamie Broadhurst 0-0: Foul Ball, location: 2F
0-1: Ball
1-1: Called Strike
1-2: Strikes out swinging
Bottom of the 5th over - 0 runs, 0 hits, 0 errors, 1 left on base; Pennsylvania State University 3 - University of Michigan 0
TOP OF THE 6TH
Pennsylvania State University Nittany Lions batting - Pitching for University of Michigan Wolverines : RHP Aaron Frey
Pitching: RHP Befikadu Mthuthuzeli
Batting: SHB Oscar Barahona 0-0: Called Strike
0-1: Ball
1-1: Hit by Pitch
Batting: SHB Glenn Harrison 0-0: Ball
1-0: Foul Ball, location: 2F
1-1: Called Strike
1-2: Ball
2-2: Foul Ball, location: 2F
2-2: Ball
3-2: Base on Balls
Oscar Barahona to second
Batting: RHB Fernando Membreno 0-0: Ball
1-0: Grounds into double play, 6-4-3 (Groundball, 6, EV 83.1 MPH)
Oscar Barahona to third
Batting: RHB Mike Smith 0-0: Ball
1-0: Foul Ball, location: 2F
1-1: Ball
2-1: Ground out 4-3 (Groundball, 4, EV 85.0 MPH)
Top of the 6th over - 0 runs, 0 hits, 0 errors, 1 left on base; Pennsylvania State University 3 - University of Michigan 0
BOTTOM OF THE 6TH
University of Michigan Wolverines batting - Pitching for Pennsylvania State University Nittany Lions : RHP Quincy Potvin
Batting: RHB Edwin Nunez 0-0: Called Strike
0-1: Foul Ball, location: 2F
0-2: Ball
1-2: Strikes out swinging
Batting: RHB Glen Limeburner 0-0: DOUBLE (Line Drive, 89D, EV 110.6 MPH)
Batting: LHB Tony Olvera 0-0: Ball
1-0: Called Strike
1-1: Ball
2-1: Foul Ball, location: 2F
2-2: SINGLE (Groundball, 4MD, EV 96.2 MPH)
Glen Limeburner to third
Runner from 3rd tries for Home, SAFE, throw by CF to home
Batting: RHB Franklin Ortega 0-0: Swinging Strike
0-1: Foul Ball, location: 2F
0-2: SINGLE (Groundball, 56S, EV 74.4 MPH) (infield hit)
Tony Olvera to second
Batting: LHB Adrian Navarro 0-0: Called Strike
0-1: Ball
1-1: Called Strike
1-2: Strikes out swinging
Batting: RHB Justin Young 0-0: Swinging Strike
0-1: Foul Ball, location: 2F
0-2: Strikes out looking
Bottom of the 6th over - 1 run, 3 hits, 0 errors, 2 left on base; Pennsylvania State University 3 - University of Michigan 1
TOP OF THE 7TH
Pennsylvania State University Nittany Lions batting - Pitching for University of Michigan Wolverines : RHP Befikadu Mthuthuzeli
Pitching: RHP Mike Echegoyen
Batting: RHB Isaiah Heath 0-0: Called Strike
0-1: Ball
1-1: Ball
2-1: Ball
3-1: Called Strike
3-2: Ground out 6-3 (Groundball, 6, EV 86.9 MPH)
Batting: LHB Josh Lane 0-0: Ball
1-0: Swinging Strike
1-1: Fly out, F8 (Flyball, 8RD, EV 101.2 MPH)
Batting: RHB Klaus Brown 0-0: Ball
1-0: Ball
2-0: Called Strike
2-1: Foul Ball, location: 2F
2-2: Ground out 1-3 (Groundball, 34S, EV 65.0 MPH)
Top of the 7th over - 0 runs, 0 hits, 0 errors, 0 left on base; Pennsylvania State University 3 - University of Michigan 1
BOTTOM OF THE 7TH
University of Michigan Wolverines batting - Pitching for Pennsylvania State University Nittany Lions : RHP Quincy Potvin
Pitching: LHP Frank Hopkins
Batting: LHB Dave Cook 0-0: Foul Ball, location: 2F
0-1: Ball
1-1: Ball
2-1: Foul Ball, location: 2F
2-2: Foul Ball, location: 2F
2-2: Fly out, F8 (Line Drive, 8RD, EV 88.8 MPH)
Batting: RHB Jason Rhodes 0-0: Called Strike
0-1: Ground out 5-3 (Groundball, 56, EV 88.1 MPH)
Batting: RHB Jamie Broadhurst 0-0: Fly out, F8 (Flyball, 89M, EV 86.2 MPH)
Bottom of the 7th over - 0 runs, 0 hits, 0 errors, 0 left on base; Pennsylvania State University 3 - University of Michigan 1
TOP OF THE 8TH
Pennsylvania State University Nittany Lions batting - Pitching for University of Michigan Wolverines : RHP Mike Echegoyen
Batting: RHB John Hopkins 0-0: Called Strike
0-1: Ground out 6-3 (Groundball, 6, EV 83.1 MPH)
Batting: RHB Craig Alvarado 0-0: Swinging Strike
0-1: Foul Ball, location: 2F
0-2: Ball
1-2: Ball
2-2: Foul Ball, location: 2F
2-2: Ground out 4-3 (Groundball, 4, EV 86.9 MPH)
Batting: SHB Oscar Barahona 0-0: Called Strike
0-1: SINGLE (Groundball, 3D, EV 101.2 MPH)
Batting: SHB Glenn Harrison 0-0: Called Strike
0-1: Swinging Strike
0-2: Strikes out looking
Top of the 8th over - 0 runs, 1 hit, 0 errors, 1 left on base; Pennsylvania State University 3 - University of Michigan 1
BOTTOM OF THE 8TH
University of Michigan Wolverines batting - Pitching for Pennsylvania State University Nittany Lions : LHP Frank Hopkins
Batting: RHB Edwin Nunez 0-0: Called Strike
0-1: Ball
1-1: Called Strike
1-2: Foul Ball, location: 2F
1-2: Strikes out swinging
Batting: RHB Glen Limeburner 0-0: Called Strike
0-1: Foul Ball, location: 2F
0-2: Ball
1-2: Strikes out looking
Batting: LHB Tony Olvera 0-0: Foul Ball, location: 2F
0-1: Ball
1-1: Ball
2-1: Foul Ball, location: 2F
2-2: Ball
3-2: SINGLE (Groundball, 4D, EV 107.5 MPH)
Batting: RHB Franklin Ortega 0-0: Foul Ball, location: 2F
0-1: Fly out, F7 (Flyball, 7LM, EV 108.1 MPH)
Bottom of the 8th over - 0 runs, 1 hit, 0 errors, 1 left on base; Pennsylvania State University 3 - University of Michigan 1
TOP OF THE 9TH
Pennsylvania State University Nittany Lions batting - Pitching for University of Michigan Wolverines : RHP Mike Echegoyen
Pitching: LHP Armando Salas
Batting: RHB Fernando Membreno 0-0: Called Strike
0-1: Swinging Strike
0-2: Strikes out looking
Batting: RHB Mike Smith 0-0: Ball
1-0: Ball
2-0: Called Strike
2-1: Foul Ball, location: 2F
2-2: Strikes out swinging
Pinch Hitting: RHB Roberto Medina 0-0: Ball
1-0: Swinging Strike
1-1: SINGLE (Groundball, P, EV 88.8 MPH) (infield hit)
Batting: LHB Josh Lane 0-0: SINGLE (Line Drive, 4MD, EV 97.5 MPH)
Roberto Medina to second
Runner from 2nd tries for 3rd, SAFE, throw by CF made to third
Batting: RHB Klaus Brown 0-0: Ball
1-0: Foul Ball, location: 2F
1-1: Ball
2-1: Swinging Strike
2-2: Ball
3-2: Strikes out swinging
Top of the 9th over - 0 runs, 2 hits, 0 errors, 2 left on base; Pennsylvania State University 3 - University of Michigan 1
BOTTOM OF THE 9TH
University of Michigan Wolverines batting - Pitching for Pennsylvania State University Nittany Lions : LHP Frank Hopkins
Pitching: RHP Jerry Romero
Now in RF: Jesus Resendez
Batting: LHB Adrian Navarro 0-0: Called Strike
0-1: SOLO HOME RUN (Flyball, 9D, EV 110.6 MPH), Distance : 409 ft
Batting: RHB Justin Young 0-0: Called Strike
0-1: Ball
1-1: Foul Ball, location: 2F
1-2: Ball
2-2: Ball
3-2: Ground out 4-3 (Groundball, 4, EV 84.4 MPH)
Pinch Hitting: LHB Gabe Morales 0-0: Ball
1-0: Ball
2-0: Fly out, F8 (Flyball, 8RD, EV 108.1 MPH)
Batting: RHB Jason Rhodes 0-0: Ball
1-0: Called Strike
1-1: Ball
2-1: Ball
3-1: Ground out 6-3 (Groundball, 6, EV 80.0 MPH)
Bottom of the 9th over - 1 run, 1 hit, 0 errors, 0 left on base; Pennsylvania State University 3 - University of Michigan 2
Tuesday, September 13th , 2022 - OOTP Baseball 23.7 Build 88